 Dungeon Crawl Stone Soup version 0.22-a0-305-gd21a89c (webtiles) character file.

107 grindst0ne the Skirmisher (level 4, -1/37 HPs)
             Began as a Mummy Fighter on Mar 31, 2018.
             Killed from afar by Sigmund (7 damage)
             ... with a magic dart
             ... on level 2 of the Dungeon.
             The game lasted 00:05:34 (1892 turns).

grindst0ne the Skirmisher (Mummy Fighter)           Turns: 1892, Time: 00:05:35

Health: -1/37      AC:  7    Str: 20    XL:     4   Next: 56%
Magic:  4/4        EV:  7    Int:  7    God:
Gold:   132        SH: 10    Dex: 11    Spells: 3/3 levels left

rFire    . . .     SeeInvis .   a - +0 war axe
rCold    + + .     Gourm    .   c - +1 shield
rNeg     + + +     Faith    .   b - +0 scale mail
rPois    ∞         Spirit   .   (no helmet)
rElec    .         Reflect  .   f - scarf {rC+ rF+}
rCorr    .         Harm     .   (no gloves)
MR       .....                  g - +0 pair of boots
Stlth    ..........             (no amulet)
HPRegen  0.12/turn              (no ring)
MPRegen  0.09/turn              (no ring)

@: no status effects
A: no food or potions, fire vulnerability, cold resistance 1, negative energy
resistance 3, torment resistance, unbreathing
a: no special abilities


You were on level 2 of the Dungeon.
You were not hungry.

You visited 1 branch of the dungeon, and saw 2 of its levels.

You collected 132 gold pieces.

Inventory:

Hand Weapons
 a - a +0 war axe (weapon)
Armour
 b - a +0 scale mail (worn)
 c - a +1 shield (worn)
 f - a scarf of resistance (worn)
 g - a +0 pair of boots (worn)
Scrolls
 d - a scroll of enchant armour
 k - a scroll of enchant weapon
 l - a scroll of teleportation {unknown}


   Skills:
 + Level 4.0 Fighting
 + Level 2.6 Axes
 - Level 2.4 Armour
 + Level 3.2 Shields


You had 3 spell levels left.
You didn't know any spells.

Dungeon Overview and Level Annotations

Branches:
Dungeon (2/15)

Altars:
Okawaru

Annotations:
D:2 Sigmund


Innate Abilities, Weirdness & Mutations

You do not eat or drink.
Your flesh is vulnerable to fire.
You are immune to poison.
Your flesh is cold resistant. (rC+)
You are immune to negative energy. (rN+++)
You are immune to unholy pain and torment.
You can survive without breathing.


Message History

Sigmund is heavily wounded.
Sigmund hits you but does no damage.
You hit Sigmund.
Sigmund is severely wounded.
You block Sigmund's attack.
You closely miss Sigmund.
Sigmund is severely wounded.
Sigmund points at you and mumbles some strange words.
You are confused.
There is a stone staircase leading up here.
Sigmund hits you from afar with a scythe of venom.
You bump into the rock wall.
Sigmund barely misses you.
You see here 2 javelins.
You feel less confused.
Sigmund hits you from afar with a scythe of venom!
* * * LOW HITPOINT WARNING * * *
Okay, then.
Sigmund points at you and mumbles some strange words.
The magic dart hits you!
You die...

#..........# #......#.#
######'#.### ########.#
#.#.# #.# #...# #.# ##..#
#.#
#########..############.#
.........#>.............####
########.###.......).......#
#...#....@.....#.##†#
###.#@.######.....#.#
#.#.(#<......#.##.#
#.#(........##.##.#
#.##...........##.#
#!###############.# #.#
#.........# #.# #.#########
#.# #.#


You could see Sigmund.

Vanquished Creatures
  2 gnolls (D:2)
  4 adders (D:2)
  2 worms (D:2)
  2 orcs (D:2)
  6 bats
  A giant cockroach (D:1)
  10 hobgoblins
  A frilled lizard (D:2)
  3 goblins (D:1)
  8 kobolds
  8 rats
  A fungus (D:1)
48 creatures vanquished.

Notes
Turn   | Place    | Note
-------+----------+-------------------------------------------
     0 | D:1      | grindst0ne the Mummy Fighter began the quest for the Orb.
     0 | D:1      | Reached XP level 1. HP: 18/18 MP: 1/1
    84 | D:1      | Reached XP level 2. HP: 24/24 MP: 2/2
   783 | D:2      | Reached XP level 3. HP: 26/29 MP: 3/3
  1407 | D:2      | Reached XP level 4. HP: 23/37 MP: 4/4
  1414 | D:2      | Found an iron altar of Okawaru.
  1681 | D:2      | Reached skill level 4 in Fighting
  1736 | D:2      | Noticed Sigmund
  1892 | D:2      | Killed from afar by Sigmund

Vault maps used:
D:1:      dpeg_arrival_short_road, minmay_gold_behind_fungi,
          serial_bayou_pond_e, dk_noncrumbling_3
D:2:      okawaru_altar_gauntlet_db, uniq_sigmund

Skill      XL: |  1  2  3  4 |
---------------+-------------+-----
Axes           | 2 |  2.6
Shields        | 3 |  3.2
Fighting       | 4 |  4.0
Armour         | |  2.4

Action                   |  1- 3 |  4- 6 || total
-------------------------+-------+-------++-------
Melee: War axe           |   110 |    54 ||   164
Throw: Javelin           |       |     7 ||     7
  Use: Scroll            |     4 |     3 ||     7
Armor: Scale mail        |    46 |    30 ||    76
Dodge: Dodged            |    38 |    22 ||    60
Block: Shield            |    64 |    43 ||   107

Table legend:
 A = Spawn XP
 B = Non-spawn XP
 C = Spawn XP percentage of total XP
 D = Spawn monster count
 E = Non-spawn monster count
 F = Spawn count percentage of total count
 G = Total turns spent on level
                    A         B        C        D         E        F      G
               +---------+---------+-------+---------+---------+-------+---------
         Total |       0 |     153 |   0.0 |       0 |      47 |   0.0 |  1892
               +---------+---------+-------+---------+---------+-------+---------
           D:1 |       0 |      27 |   0.0 |       0 |      18 |   0.0 |   794
           D:2 |       0 |     126 |   0.0 |       0 |      29 |   0.0 |  1098
               +---------+---------+-------+---------+---------+-------+---------
